 Dungeon Crawl Stone Soup version 0.29.1-15-g9cfb28693d (webtiles) character file.

Game seed: 10257666856818096059

53 zeram the Trooper (level 3, -1/33 HPs)
             Began as a Hill Orc Fighter on Mar 17, 2023.
             Slain by an orc
             ... wielding a +0 war axe
              (4 damage)
             ... on level 3 of the Dungeon.
             The game lasted 00:01:42 (1768 turns).

zeram the Trooper (Hill Orc Fighter)                Turns: 1768, Time: 00:01:43

Health: -1/33      AC:  7    Str: 20    XL:     3   Next: 87%
Magic:  3/3        EV:  9    Int:  8    God:
Gold:   191        SH:  0    Dex: 10    Spells: 2/2 levels left

rFire   . . .      SeeInvis .   a - +0 war axe
rCold   . . .      Faith    .   c - +0 buckler
rNeg    . . .      Spirit   .   b - +0 scale mail
rPois   .          Reflect  .   (no helmet)
rElec   .          Harm     .   (no cloak)
rCorr   .          Rampage  .   (no gloves)
Will    .....                   (no boots)
Stlth   ..........              (no amulet)
HPRegen 0.11/turn               (no ring)
MPRegen 0.08/turn               (no ring)

@: confused, mighty
A: no striking features
a: no special abilities


You were on level 3 of the Dungeon.
You visited 1 branch of the dungeon, and saw 3 of its levels.

You collected 191 gold pieces.

Inventory:

Hand Weapons
 a - a +0 war axe (weapon)
Armour
 b - a +0 scale mail (worn)
 c - a +0 buckler (worn)
Scrolls
 f - a scroll of amnesia {unknown}
 h - a scroll of fear
 j - 2 scrolls of identify {unknown}
 l - a scroll of enchant weapon {unknown}
 m - a scroll of magic mapping {unknown}
 o - a scroll of torment {unknown}
 p - 2 scrolls of immolation {unknown}
Potions
 e - a potion of mutation {unknown}
 g - a potion of degeneration {unknown}
 i - 3 potions of ambrosia {unknown}
 k - a potion of brilliance {unknown}
 n - a potion of magic {unknown}
 q - a potion of lignification {unknown}


   Skills:
 + Level 4.0 Fighting
 + Level 3.9 Axes
 + Level 3.8 Armour
 + Level 0.1 Dodging
 + Level 3.6 Shields


You had 2 spell levels left.
You didn't know any spells.
Your spell library contained the following spells:

 Spells                   Type           Power      Damage    Failure   Level
 Summon Small Mammal      Summ           0%         N/A       85%         1
 Call Canine Familiar     Summ           0%         N/A       99%         3
 Summon Guardian Golem    Hex/Summ       0%         N/A       99%         3


Dungeon Overview and Level Annotations

Branches:
Dungeon (3/15)

Altars:

Annotations:
D:3 Ijyb


Message History

You are too confused!
You are too confused!
You are too confused!
Unknown command.
Found a ring mail.
The orc barely misses you.
An orc comes into view. It is wielding a +0 club.
The orc hits you but does no damage.
You bump into the rock wall.
The orc hits you with a +0 war axe.
You closely miss the orc. You hit the hobgoblin. The hobgoblin misses you.
The orc hits you with a +0 war axe.
An orc comes into view. It is wielding a +0 vorpal hand axe.
You bump into the rock wall.
You feel less confused. The hobgoblin hits you. You block the orc's attack.
You hit the orc but do no damage. You hit the hobgoblin.
You kill the hobgoblin!
You hit Ijyb but do no damage. The orc barely misses you.
Ijyb zaps a wand.
Your will is overpowered!
You are confused.
Ijyb closely misses you. The orc hits you with a +0 war axe.
Unknown command.
You barely miss the orc. You barely miss Ijyb. You barely miss the orc.
The orc hits you with a +0 war axe. Ijyb barely misses you.
The orc closely misses you.
Unknown command.
Unknown command.
You closely miss the orc. You completely miss Ijyb.
You hit the orc but do no damage. The orc hits you with a +0 war axe!
The orc hits you with a +0 club.
Ijyb zaps a wand.
You resist with significant effort. Ijyb hits you with a +0 dagger.
The orc hits you but does no damage.
An orc comes into view. It is wielding a +0 falchion.
The orc hits you but does no damage.
You feel very mighty all of a sudden. Ijyb misses you.
The orc hits you with a +0 war axe!
* * * LOW HITPOINT WARNING * * *
The orc hits you but does no damage. Ijyb attacks as you move away!
Ijyb hits you but does no damage. The orc attacks as you move away!
The orc barely misses you. The orc hits you with a +0 war axe.
You die...

.[.. #.#.. #.. #..o
##... #.. #.#.###
#... #.. .....#
##..### #.. .....
.......##.. #.o#
#.#.##.....
#go######.#.###....
#.........#.##..#.#
##@o####.......#..#
##.# #>.#.#####.##
#.#........###.#
.....###.#...#.#
.........###.#.#
.###......###...##
! ...............
#.##.....<....
#.......†...


You could see Ijyb and 4 orcs.

Vanquished Creatures
  An adder (D:2)
  A worm (D:2)
  A dart slug (D:2)
  5 endoplasms
  A giant cockroach (D:1)
  3 goblins (D:1)
  4 hobgoblins
  4 jackals (D:2)
  3 quokkas
  2 ball pythons
  3 bats
  5 kobolds
  2 rats
35 creatures vanquished.

Notes
Turn   | Place    | Note
-------+----------+-------------------------------------------
     0 | D:1      | zeram the Hill Orc Fighter began the quest for the Orb.
     0 | D:1      | Reached XP level 1. HP: 19/19 MP: 1/1
   151 | D:1      | Found a faded altar of an unknown god.
   353 | D:1      | Reached XP level 2. HP: 27/27 MP: 2/2
  1072 | D:2      | Reached XP level 3. HP: 28/33 MP: 3/3
  1073 | D:2      | Reached skill level 4 in Fighting
  1757 | D:3      | Noticed Ijyb
  1768 | D:3      | Slain by an orc

Illustrated notes

Levels and vault maps discovered:
D:1:      doesnt_arrival_eight_statues, layout_basic,
          shapermc_ecumenical_altar_mp_highgroup
D:2:      layout_rooms
D:3:      layout_rooms, dilly_guarded_unrand_throatcut, uniq_ijyb

Skill      XL: |  1  2  3 |
---------------+----------+-----
Axes           | 3 |  3.9
Fighting       | 4 |  4.0
Armour         | |  3.8
Dodging        | |  0.1
Shields        | |  3.6

Action                   || total
-------------------------++-------
Melee: War axe           ||    84
  Use: Scroll            ||     4
       Potion            ||     1
Armor: Scale mail        ||    36
Dodge: Dodged            ||    44
Block: Buckler           ||    20
